 Dungeon Crawl Stone Soup version 0.18.1-2-ga659475 (webtiles) character file.

60 SkaryMonk the Vexing (level 3, 0/24 HPs)
             Began as a Vampire Enchanter on May 8, 2016.
             Slain by an ooze (4 damage)
             ... on level 2 of the Dungeon.
             The game lasted 00:05:19 (1777 turns).

SkaryMonk the Vexing (Vampire Enchanter)            Turns: 1777, Time: 00:05:20

Health: 0/24       AC:  3    Str:  7    XL:     3   Next: 80%
Magic:  6/6        EV: 12    Int: 18    God:
Gold:   110        SH:  0    Dex: 14    Spells: 2 memorised, 3 levels left

rFire  . . .     SeeInvis +     g - +1 dagger (venom)
rCold  + . .     Gourm    .     b - +1 robe
rNeg   + + .     Faith    .     (no shield)
rPois  +         Spirit   .     (no helmet)
rElec  .         Dismiss  .     (no cloak)
rCorr  .         Reflect  .     (no gloves)
SustAt .         Harm     .     (no boots)
MR     .....                    (no amulet)
Stlth  +++.......               (no ring)
                                (no ring)

@: regenerating slowly, not resistant to hostile enchantments, fairly stealthy
A: fangs 3, see invisible, unbreathing
a: Bat Form


You were on level 2 of the Dungeon.
You were thirsty.

You visited 1 branch of the dungeon, and saw 2 of its levels.

You collected 110 gold pieces.

Notes
Turn   | Place    | Note
--------------------------------------------------------------
     0 | D:1      | SkaryMonk the Vampire Enchanter began the quest for the Orb.
     0 | D:1      | Reached XP level 1. HP: 13/13 MP: 3/3
   162 | D:1      | Reached XP level 2. HP: 19/19 MP: 5/5
  1012 | D:2      | Learned a level 2 spell: Ensorcelled Hibernation
  1024 | D:2      | Reached XP level 3. HP: 22/24 MP: 3/6
  1048 | D:2      | Reached skill level 1 in Ice Magic
  1777 | D:2      | Slain by an ooze

Inventory:

Hand Weapons
 a - a +1 dagger
 g - a +1 dagger of venom (weapon)
Missiles
 e - 2 throwing nets (quivered)
Armour
 b - a +1 robe (worn)
Scrolls
 h - a scroll of identify {unknown}
Potions
 d - 14 potions of blood
 f - a potion of flight {unknown}
Books
 c - a book of Maledictions

   Spells                             Type                      Level
   a - Corona                         Hexes                        1
   b - Ensorcelled Hibernation        Hexes/Ice                    2
   c - Confuse                        Hexes                        3
   d - Tukima's Dance                 Hexes                        3
   e - Dazzling Spray                 Conjuration/Hexes            3

Table legend:
 A = Turns spent in this place as a percentage of turns spent in the entire game.
 B = Non-inter-level travel turns spent in this place as a percentage of non-inter-level travel turns spent in the entire game.
 C = Inter-level travel turns spent in this place as a percentage of turns spent in this place.
 D = Turns resting spent in this place as a percentage of non-inter-level travel turns spent in this place.
 E = Turns spent auto-exploring this place as a percentage of non-inter-level travel turns spent in this place.
 F = Non-inter-level travel turns spent in this place divided by the number of levels of this place that you've seen.
                   A       B       C       D       E      F
               +-------+-------+-------+-------+-------+----------------------
         Total | 100.0 | 100.0 |   1.1 |   2.4 |   6.1 | 228.0
       Dungeon | 100.0 | 100.0 |   1.1 |   2.4 |   6.1 | 228.0
               +-------+-------+-------+-------+-------+----------------------


   Skills:
 + Level 3.5 Short Blades
 - Level 2.1 Dodging
 - Level 4.4 Stealth
 - Level 2.0 Spellcasting
 + Level 4.7 Hexes
 - Level 1.2 Ice Magic


You had 3 spell levels left.
You knew the following spells:

 Your Spells              Type           Power        Failure   Level  Hunger
a - Corona                Hex            ###....      2%          1    #......
b - Ensorcelled Hibernat  Hex/Ice        ##....       12%         2    ###....


Dungeon Overview and Level Annotations

Branches:
Dungeon (2/15)

Altars:


Innate Abilities, Weirdness & Mutations

You heal slowly.
You have razor-sharp teeth.
You have supernaturally acute eyesight.
You can survive without breathing.


Message History

You hit the ooze. You bite the ooze.
The ooze is moderately wounded.
You hit the ooze.
The ooze is heavily wounded.
The ooze hits you.
* * * LOW HITPOINT WARNING * * *
You hit the ooze.
The ooze is almost dead.
The ooze barely misses you.
You hit the ooze.
The ooze is almost dead.
The ooze barely misses you.
You barely miss the ooze.
The ooze is almost dead.
The ooze hits you but does no damage.
You hit the ooze but do no damage.
The ooze is almost dead.
The ooze jiggles.
The ooze hits you.
You die...

.....#...###............<,,,,,,*
####......#####..........,,,,,,*
####.....J...##..........**,,,,*
...............÷........#**,,,,*
*#....#...#.#!#...?......**,,,,*
##.#..##..#.#.#..........,,,,,,**
#...[.....#.....†........***,,,**
...##..##.##..#J.........****,,,,
...#...##.###.#.@........*,,,,,**
....[.....# #.##........,,,,,,**
..........# #.##........,,,**,*
..........###...........,,,**,*
...).÷.........####.....,,,**,*
.........#.##.## **.....,,,**,*
..###>.....#*,* *,,....,,,**,*
..# #......#*,****,,...[,,,**,*
..# ##.....#*,,**,,**********,*


You could see an ooze.

Table legend:
 A = Kills in this place as a percentage of kills in entire the game.
 B = Kills by you in this place as a percentage of kills by you in the entire game.
 C = Kills by friends in this place as a percentage of kills by friends in the entire game.
 D = Other kills in this place as a percentage of other kills in the entire game.
 E = Experience gained in this place as a percentage of experience gained in the entire game.
 F = Experience gained in this place divided by the number of levels of this place that you have seen.
                   A       B       C       D       E      F
               +-------+-------+-------+-------+-------+----------------------
         Total | 100.0 | 100.0 |  -nan |  -nan | 100.0 |  43.0
       Dungeon | 100.0 | 100.0 |  -nan |  -nan | 100.0 |  43.0
               +-------+-------+-------+-------+-------+----------------------

Vanquished Creatures
  An adder (D:2)
  A worm (D:2)
  3 dart slugs (D:1)
  3 goblins
  4 hobgoblins
  7 jackals
  A ball python (D:2)
  7 bats
  2 giant newts
  7 kobolds
  5 rats
41 creatures vanquished.

Action                   || total
-------------------------++-------
Melee: Dagger            ||   138
       Bite              ||     7
 Cast: Corona            ||     4
       Ensorcelled Hiber ||     5
  Use: Scroll            ||     2
       Potion            ||     2
 Stab: Sleeping          ||     9
       Invisible         ||     1
Armor: Robe              ||    37
Dodge: Dodged            ||    97

Vault maps used:
D:1:      minmay_arrival_three_doors
D:2:      first_bread
